 Dungeon Crawl Stone Soup version 0.25.0-9-g26727b657a (webtiles) character file.

Game seed: 13111397117369067190

(classic levelgen) 12013 EnegeticOcto the Cleaver (level 11, 22/97 HPs)
             Began as a Hill Orc Fighter on June 21, 2020.
             Was an Elder of Elyvilon.
             Quit the game on level 10 of the Dungeon.
             The game lasted 00:15:39 (12375 turns).

EnegeticOcto the Cleaver (Hill Orc Fighter)        Turns: 12375, Time: 00:15:40

Health: 22/97      AC: 21    Str: 22    XL:     11   Next: 86%
Magic:  14/20      EV:  5    Int:  8    God:    Elyvilon [****..]
Gold:   623        SH: 11    Dex: 11    Spells: 10/10 levels left

rFire    . . .     SeeInvis .   a - +2 war axe
rCold    . . .     Gourm    .   c - +0 kite shield
rNeg     . . .     Faith    +   l - +0 plate armour
rPois    .         Spirit   .   (no helmet)
rElec    .         Reflect  .   y - +0 cloak
rCorr    .         Harm     .   C - +1 pair of gloves
MR       .....                  w - +2 pair of boots {Fly}
Stlth    ..........             j - amulet of faith
HPRegen  0.26/turn              (no ring)
MPRegen  0.17/turn              (no ring)

@: no status effects
A: no striking features
a: Lesser Healing, Heal Other, Purification, Greater Healing, Divine Protection,
Renounce Religion, Evoke Flight


You were on level 10 of the Dungeon.
You worshipped Elyvilon.
Elyvilon was greatly pleased with you.
You were hungry.

You visited 1 branch of the dungeon, and saw 10 of its levels.

You collected 889 gold pieces.
You spent 266 gold pieces at shops.

Inventory:

Hand Weapons
 a - a +2 war axe (weapon)
Armour
 c - a +0 kite shield (worn)
 l - a +0 plate armour (worn)
 w - a +2 pair of boots of flying (worn)
 y - a +0 cloak (worn)
 C - a +1 pair of gloves (worn)
Jewellery
 j - an amulet of faith (around neck)
 u - the ring of the Barnacle {*Tele Str+4}
   (You found it on level 7 of the Dungeon)

   [ring of teleportation]

   It may teleport you next to monsters.
   It affects your strength (+4).
 A - the amulet of Qesousip {RegenMP Int+2 Slay+3, unknown}
   (You found it on level 9 of the Dungeon)

   [amulet of magic regeneration]

   It increases your magic regeneration.
   It affects your intelligence (+2).
   It affects your accuracy and damage with ranged weapons and melee attacks
   (+3).
Wands
 p - a wand of digging (5) {@v3}
 B - a wand of disintegration (11)
Scrolls
 i - 3 scrolls of teleportation {@r3 !r}
 k - a scroll of blinking {@r4}
 o - a scroll of vulnerability
 t - a scroll of magic mapping {@r5 !r}
 v - 3 scrolls of enchant weapon
 z - 2 scrolls of fear {!r}
 D - a scroll of remove curse {@r2}
 E - a scroll of immolation
Potions
 b - 3 potions of lignification {@q6}
 d - 2 potions of might {@q3 !q}
 g - a potion of mutation {unknown}
 h - a potion of resistance
 m - 4 potions of haste {@q4 !q}
 n - 3 potions of magic
 q - 6 potions of curing {@q1 !q}
 r - 2 potions of heal wounds {@q2 !q}
 s - a potion of stabbing {unknown}
 x - 2 potions of ambrosia


   Skills:
 + Level 9.3 Fighting
 * Level 12.9 Axes
 + Level 8.6 Armour
 + Level 8.5 Shields
 * Level 12.2 Invocations


You had 10 spell levels left.
You didn't know any spells.
Your spell library contained the following spells:

 Spells                   Type           Power        Failure   Level  Hunger
 Beastly Appendage        Tmut           #.....       100%        1    ##.....
 Corona                   Hex            #......      100%        1    ##.....
 Summon Small Mammal      Summ           #...         100%        1    ##.....
 Call Imp                 Summ           #.......     100%        2    ###....
 Ensorcelled Hibernation  Hex/Ice        #.....       100%        2    ###....
 Sticks to Snakes         Tmut           #.......     100%        2    ###....
 Call Canine Familiar     Summ           #.......     100%        3    ####...
 Confusing Touch          Hex            #.......     100%        3    ####...
 Dazzling Flash           Conj/Hex       #.....       100%        3    ####...
 Spider Form              Tmut/Pois      #.........   100%        3    ####...
 Summon Guardian Golem    Hex/Summ       #.......     100%        3    ####...
 Tukima's Dance           Hex            #.......     100%        3    ####...
 Ice Form                 Ice/Tmut       #.......     100%        4    #####..
 Summon Ice Beast         Ice/Summ       #.......     100%        4    #####..
 Summon Lightning Spire   Summ/Air       #.......     100%        4    #####..
 Blade Hands              Tmut           #.........   100%        5    ######.


Dungeon Overview and Level Annotations

Branches:
Dungeon (10/15)            Temple (0/1) D:7            Lair (0/6) D:10
    Orc (0/2) D:10

Altars:
Ashenzari
Cheibriados
Dithmenos
Elyvilon
Fedhas
Nemelex Xobeh
Trog
Vehumet
Xom
Zin
The Shining One

Shops:
D:7 *   D:8 *!   D:10 (

Annotations:
D:4 Crazy Yiuf


Message History

You block the skeletal warrior's attack.
Evoke which item? (* to show all) (? for menu, Esc to quit)
You open the lid... ...and a larval shocksting beast leaps out!
The now-empty box falls apart.
You block the skeletal warrior's attack.
The skeletal warrior throws a stone.
You block the stone.
You see here a stone.
The skeletal warrior throws a stone.
You block the stone.
The skeletal warrior hits your larval shocksting beast with a +0 morningstar!
What are your orders? t - Shout!
Orders for allies: a - Attack new target. p - Attack previous target. r - Retreat! s - Stop attacking. g - Guard the area. f - Follow me.
Anything else - Cancel.
Retreat in which direction?
Press: ? - help, Dir - move target cursor, p - skeletal warrior Fall back!
The skeletal warrior throws a stone.
The stone hits you.
The skeletal warrior throws a stone.
You block the stone.
The skeletal warrior throws a stone.
The stone hits you!
The skeletal warrior throws a stone.
You block the stone. Something hits you but does no damage.
Deactivating autopickup; reactivate with Ctrl-A.
Something hits you but does no damage.
The skeletal warrior hits you but does no damage.
You block something's attack.
You see here 5 stones.
You hit the skeletal warrior but do no damage.
You closely miss something. Something hits you.
You hit the skeletal warrior.
The skeletal warrior is lightly damaged.
You hit something but do no damage. Something hits you but does no damage.
The skeletal warrior hits you with a +0 morningstar!
* * * LOW HITPOINT WARNING * * *
Your larval shocksting beast barely misses the skeletal warrior.
Your larval shocksting beast closely misses the skeletal warrior.
You are healed.
You feel quite a bit more hungry. Something hits you but does no damage.
Something hits your larval shocksting beast!
Your larval shocksting beast dies!
Your larval shocksting beast's corpse disappears in a puff of smoke!
You block the skeletal warrior's attack.
You closely miss the skeletal warrior.
The skeletal warrior is lightly damaged.
You closely miss something.
Something hits you but does no damage. x2
You block the skeletal warrior's attack.
You hit the skeletal warrior.
The skeletal warrior is lightly damaged.
Your plate armour prevents you from hitting something.
Something completely misses you.
You block the skeletal warrior's attack.
You barely miss the skeletal warrior.
The skeletal warrior is lightly damaged.
You closely miss something. Something hits you.
You slice the skeletal warrior!!
The skeletal warrior is heavily damaged.
The skeletal warrior hits you but does no damage.
Something hits you but does no damage.
You barely miss the skeletal warrior.
The skeletal warrior is heavily damaged.
Your plate armour prevents you from hitting something.
Something hits you but does no damage. x2
The skeletal warrior hits you with a +0 morningstar.
You slash the skeletal warrior!
The skeletal warrior is heavily damaged.
You miss something. You block something's attack.
The skeletal warrior barely misses you.
You hit the skeletal warrior but do no damage.
The skeletal warrior is heavily damaged.
You closely miss something. You block something's attack.
You are healed.
You feel somewhat more hungry.
You can no longer call upon Elyvilon for divine vigour.
Something hits you but does no damage.
The skeletal warrior hits you with a +0 morningstar!
You slash the skeletal warrior!
The skeletal warrior is severely damaged.
You closely miss something. Something hits you!
The skeletal warrior hits you with a +0 morningstar!!
* * * LOW HITPOINT WARNING * * *
You closely miss the skeletal warrior.
The skeletal warrior is severely damaged.
You barely miss something. Something hits you!
* * * LOW HITPOINT WARNING * * *
The skeletal warrior barely misses you.
You hit the skeletal warrior.
The skeletal warrior is severely damaged.
You barely miss something. Something hits you but does no damage.
You are healed.
You feel somewhat more hungry. You block something's attack.
The skeletal warrior hits you with a +0 morningstar!
* * * LOW HITPOINT WARNING * * *
Something hits you but does no damage.
You are healed.
You are feeling hungry.
Something hits you. x2
* * * LOW HITPOINT WARNING * * *
The skeletal warrior hits you with a +0 morningstar.
* * * LOW HITPOINT WARNING * * *
Okay, then.
Are you sure you want to abandon this character and quit the game? (Confirm with "yes".)

#.#............##.......##
#.#..#####.#########.#####
#.#..#......## #.........#
#.#..#####...# #.###'###.#
..#..##..##..# #.#
...#z..†#.## #.#
.........##(## '.'
......#.##z#....# #.#
...z..#.#.@##..## #.#
###.. #.#...#### #..
#.##......# .. #####.#####
#.. ... .... ..... ......
.......


You could see a skeletal warrior.

Vanquished Creatures
  A centaur warrior (D:10)
  A skeletal warrior (D:9)
  An unseen horror (D:10)
  Pikel (D:5)
  2 ugly things (D:10)
  2 trolls (D:9)
  A wraith (D:10)
  2 wyverns
  6 yaks (D:9)
  3 sky beasts
  4 ice beasts
  3 slaves (D:5)
  4 orc warriors (D:10)
  3 black bears
  A phantom (D:8)
  6 ogres
  An eye of draining (D:10)
  2 centaurs
  A crocodile (D:7)
  2 big kobolds
  6 bullfrogs
  5 scorpions
  A water moccasin skeleton (D:10)
  13 killer bees
  3 howler monkeys
  2 crimson imps
  2 bullfrog zombies
  2 centaur zombies
  A jelly (D:5)
  7 hounds
  4 orc priests
  2 bullfrog skeletons
  13 orc wizards
  4 centaur skeletons
  5 iguanas
  3 worker ants
  A hound zombie (D:6)
  A hound skeleton (D:10)
  A gnoll (D:1)
  13 adders
  3 shadow imps
  An ooze (D:3)
  3 adder skeletons
  An adder zombie (D:8)
  3 worms
  A dart slug (D:1)
  4 leopard geckos
  28 orcs
  7 bats
  3 giant cockroaches
  7 goblins
  3 hobgoblins
  13 kobolds
  3 quokkas
  A ball python (D:1)
  5 frilled lizards
  A jackal zombie (D:5)
  A quokka skeleton (D:7)
  A quokka zombie (D:9)
  10 rats
  A fungus (D:4)
236 creatures vanquished.

Vanquished Creatures (collateral kills)
  Harold (D:7)
  A killer bee (D:7)
2 creatures vanquished.

Vanquished Creatures (others)
  A two-headed ogre (D:10)
  A shadow (D:10)
  3 killer bees (D:7)
  An orc priest (D:7)
  A giant cockroach (D:7)
7 creatures vanquished.

Grand Total: 245 creatures vanquished

Notes
Turn   | Place    | Note
-------+----------+-------------------------------------------
     0 | D:1      | EnegeticOcto the Hill Orc Fighter began the quest for the
                  | Orb.
     0 | D:1      | Reached XP level 1. HP: 19/19 MP: 1/1
   175 | D:1      | Reached skill level 3 in Axes
   185 | D:1      | Reached XP level 2. HP: 27/27 MP: 2/2
   401 | D:1      | Reached XP level 3. HP: 23/33 MP: 3/3
   579 | D:1      | Reached skill level 4 in Fighting
   772 | D:1      | Found a radiant altar of Vehumet.
  1049 | D:2      | Reached skill level 4 in Axes
  1188 | D:2      | Reached XP level 4. HP: 38/40 MP: 4/4
  1342 | D:2      | Found a white marble altar of Elyvilon.
  1342 | D:2      | Found a glowing silver altar of Zin.
  1516 | D:2      | Became a worshipper of Elyvilon the Healer
  1908 | D:3      | Found a shimmering altar of Xom.
  1908 | D:3      | Found a shimmering altar of Xom.
  1909 | D:3      | Found a shimmering altar of Xom.
  1909 | D:3      | Found a shimmering altar of Xom.
  1909 | D:3      | Found a shimmering altar of Xom.
  1910 | D:3      | Found a shimmering altar of Xom.
  1910 | D:3      | Found a shimmering altar of Xom.
  1911 | D:3      | Found a shimmering altar of Xom.
  1979 | D:3      | Reached * piety under Elyvilon
  2495 | D:4      | Reached skill level 4 in Armour
  2495 | D:4      | Reached skill level 1 in Invocations
  2495 | D:4      | Reached XP level 5. HP: 16/47 MP: 4/6
  2497 | D:4      | Reached skill level 4 in Shields
  2515 | D:4      | Reached skill level 2 in Invocations
  2527 | D:4      | Reached skill level 5 in Axes
  2527 | D:4      | Reached XP level 6. HP: 15/53 MP: 4/7
  2588 | D:4      | Found a sand-covered staircase.
  3150 | D:4      | Found a glowing golden altar of the Shining One.
  3174 | D:4      | Reached ** piety under Elyvilon
  3307 | D:4      | Found a runed translucent door.
  3308 | D:4      | Noticed Crazy Yiuf
  3612 | D:5      | Entered Level 5 of the Dungeon
  3625 | D:5      | Reached skill level 3 in Invocations
  4074 | D:5      | Noticed a slave
  4074 | D:5      | Noticed a slave
  4075 | D:5      | Noticed a slave
  4076 | D:5      | Noticed Pikel
  4079 | D:5      | Noticed a slave
  4086 | D:5      | Killed a slave
  4090 | D:5      | Killed a slave
  4106 | D:5      | Killed a slave
  4132 | D:5      | Killed Pikel
  4132 | D:5      | Reached skill level 5 in Fighting
  4132 | D:5      | Reached skill level 6 in Axes
  4132 | D:5      | Reached skill level 5 in Shields
  4132 | D:5      | Reached skill level 5 in Invocations
  4132 | D:5      | Reached XP level 7. HP: 35/61 MP: 7/10
  4132 | D:5      | Reached XP level 8. HP: 39/69 MP: 7/11
  4238 | D:5      | Reached skill level 7 in Axes
  4238 | D:5      | Reached skill level 5 in Armour
  4346 | D:5      | Noticed a troll
  4427 | D:5      | HP: 3/69 [troll (3)]
  5220 | D:6      | Reached *** piety under Elyvilon
  5396 | D:6      | Found a sparkling altar of Nemelex Xobeh.
  5398 | D:6      | Found a blossoming altar of Fedhas.
  5661 | D:6      | Reached skill level 6 in Invocations
  6069 | D:6      | Reached skill level 6 in Fighting
  6069 | D:6      | Reached skill level 8 in Axes
  6354 | D:6      | Reached **** piety under Elyvilon
  6551 | D:7      | Reached XP level 9. HP: 75/75 MP: 14/14
  6610 | D:7      | Reached skill level 7 in Invocations
  6960 | D:7      | Found a staircase to the Ecumenical Temple.
  7006 | D:7      | Reached skill level 6 in Armour
  7275 | D:7      | Got a slimy marble ring
  7276 | D:7      | Identified the ring of the Barnacle {*Tele Str+4} (You
                  | found it on level 7 of the Dungeon)
  7391 | D:7      | Reached skill level 9 in Axes
  7391 | D:7      | Reached skill level 6 in Shields
  7626 | D:7      | Noticed Harold
  7655 | D:7      | Killed Harold
  7655 | D:7      | Reached skill level 8 in Invocations
  8012 | D:7      | Found Cirgha Syge's Assorted Antiques.
  8017 | D:7      | Bought a scroll labeled HUWNAS VUWU for 28 gold pieces
  8017 | D:7      | Bought 2 scrolls labeled FENEX COICHO for 56 gold pieces
  8017 | D:7      | Bought a scroll of teleportation for 84 gold pieces
  8082 | D:7      | Reached skill level 7 in Fighting
  8164 | D:8      | Found Xilaq's Distillery.
  8184 | D:8      | Bought a potion of lignification for 42 gold pieces
  8184 | D:8      | Bought a potion of might for 56 gold pieces
  8348 | D:8      | Reached skill level 10 in Axes
  8358 | D:8      | Reached skill level 9 in Invocations
  8358 | D:8      | Reached XP level 10. HP: 53/86 MP: 16/16
  8610 | D:8      | Found Teiteh's Assorted Antiques.
  8909 | D:8      | Reached skill level 7 in Armour
  9025 | D:8      | Found a snail-covered altar of Cheibriados.
  9464 | D:9      | Reached skill level 7 in Shields
  9761 | D:9      | Found a bloodstained altar of Trog.
  9790 | D:9      | Reached skill level 10 in Invocations
  9800 | D:9      | Reached skill level 11 in Axes
  9830 | D:9      | Noticed Erolcha
  9834 | D:9      | Pacified Erolcha
  9834 | D:9      | Reached skill level 8 in Fighting
  9851 | D:9      | Got a fine emerald amulet
 10247 | D:9      | Found a shimmering altar of Xom.
 10249 | D:9      | Reached ***** piety under Elyvilon
 10365 | D:9      | Found a shattered altar of Ashenzari.
 10430 | D:10     | Entered Level 10 of the Dungeon
 10611 | D:10     | Noticed a skeletal warrior
 10627 | D:9      | Reached XP level 11. HP: 67/95 MP: 17/19
 10803 | D:9      | Killed a skeletal warrior
 10803 | D:9      | Reached skill level 11 in Invocations
 10868 | D:10     | Found a shadowy altar of Dithmenos.
 10969 | D:10     | Killed an unseen horror
 10969 | D:10     | Reached skill level 12 in Axes
 10969 | D:10     | Reached skill level 8 in Armour
 11353 | D:10     | Found a staircase to the Lair.
 11357 | D:10     | Noticed a centaur warrior
 11363 | D:10     | Reached skill level 8 in Shields
 11373 | D:10     | Killed a centaur warrior
 11583 | D:10     | Noticed a two-headed ogre
 11585 | D:10     | Noticed an ice dragon
 11598 | D:10     | Pacified a two-headed ogre
 11601 | D:10     | Pacified an ice dragon
 11601 | D:10     | Reached skill level 9 in Fighting
 11605 | D:10     | Killed a two-headed ogre
 11846 | D:10     | Noticed Nergalle
 11852 | D:10     | Pacified Nergalle
 11880 | D:10     | Reached skill level 12 in Invocations
 11990 | D:10     | Found a staircase to the Orcish Mines.
 12217 | D:10     | Found Uckaen's Antique Weapon Shoppe.
 12236 | D:10     | Noticed a white ugly thing
 12236 | D:10     | Noticed a purple ugly thing
 12252 | D:10     | Killed a white ugly thing
 12271 | D:10     | Killed a purple ugly thing
 12297 | D:10     | Noticed a skeletal warrior
 12375 | D:10     | Quit the game

Illustrated notes

Levels and vault maps discovered:
D:1:      sevenhm_arrival_forest_fort_small_6, layout_basic
D:2:      layout_basic, gammafunk_temple_overflow_statue, serial_rivers,
          chequers_serial_rivers_micro_b, chequers_serial_rivers_micro_c,
          chequers_serial_rivers_micro_d, chequers_serial_rivers_marsh,
          chequers_serial_rivers_micro_b, dk_noncrumbling_4, patterned_corridor
D:3:      layout_basic, xom_redecorated
D:4:      layout_cave_pools, kennysheep_mini,
          nicolae_ossuary_entry_false_entrances, item_on_display_a,
          uniq_crazy_yiuf_cottage
D:5:      layout_loops_cross, first_ration, uniq_pikel
D:6:      layout_gridville, nicolae_overflow_hidden_temple, serial_rivers,
          chequers_serial_rivers_room_a, chequers_serial_rivers_room_b,
          chequers_serial_rivers_micro_d, chequers_serial_rivers_micro_a
D:7:      layout_rooms, minmay_temple_entry_mist, serial_shops,
          kennysheep_little_box, uniq_harold
D:8:      layout_basic, serial_shops, shop, shop_coins, basic_altar
D:9:      layout_big_octagon, cheibrodos_ashenzari_chains, trog_ov_bears_minmay,
          basic_altar, uniq_erolcha
D:10:     minmay_the_grid_net [minmay_the_grid_slots, minmay_the_grid_dragon_b,
          minmay_the_grid_fan, minmay_the_grid_expand, minmay_the_grid_doors,
          minmay_the_grid_prize_inner_circle], layout_rooms, david_orc_4,
          basic_altar, serial_shops, shop_fountains, uniq_nergalle

Skill      XL: |  1  2  3  4  5  6  7  8  9 10 11 |
---------------+----------------------------------+-----
Axes           | 3 4 5 6 8 10 11 12 | 12.9
Fighting       | 4 5 6 7 8 9 |  9.3
Armour         | 4 5 6 7 8 |  8.6
Invocations    | 1 2 5 6 9 10 12 | 12.2
Shields        | 4 5 6 7 8 |  8.5

Action                   |  1- 3 |  4- 6 |  7- 9 | 10-12 || total
-------------------------+-------+-------+-------+-------++-------
Melee: War axe           |    86 |   254 |   316 |   516 ||  1172
Throw: Throwing net      |       |       |       |     2 ||     2
Invok: Lesser Healing    |       |    18 |    18 |       ||    36
       Heal Other        |       |       |     4 |     7 ||    11
       Greater Healing   |       |       |     1 |     4 ||     5
 Abil: Stop Flying       |       |       |     1 |       ||     1
Evoke: Wand              |       |       |    11 |       ||    11
       Box of beasts     |       |       |       |     1 ||     1
  Use: Scroll            |       |     5 |    17 |     4 ||    26
 Stab: Held in net/web   |       |       |       |     2 ||     2
  Eat: Chunk             |     1 |     5 |     6 |    10 ||    22
       Ration            |       |     2 |     4 |     2 ||     8
Armor: Scale mail        |    56 |    82 |       |       ||   138
       Plate armour      |       |    49 |   263 |   413 ||   725
Dodge: Dodged            |    28 |    72 |    52 |    86 ||   238
Block: Kite shield       |    66 |   132 |   227 |   332 ||   757
